Map: Romanticide LE

Players

TeebuL - Winner!

  • Race: Protoss Protoss
  • League: Gold

Seither

  • Race: Terran Terran
  • League: Grandmaster

Event: DreamHack SC2 Masters 2021 Summer

VOD

Have the link to the VOD?

Description

Time

  • Played on: May 23, 2021, 4:49 a.m.
  • Length: 21:39

All games in this series

Show
View Real Time Build Order
Export as new Build Order

TeebuL Protoss - Winner!

Build Orders:  

Get SALT Encoding   

  12  0:01  Probe  
  13  0:13  Probe  
  14  0:18  Pylon  
  14  0:25  Probe  
  15  0:37  Probe (Chrono Boost)  
  15  0:39  Gateway  
  16  0:46  Probe (Chrono Boost)  
  17  0:51  Probe (Chrono Boost)  
  17  0:52  Assimilator  
  18  1:06  Probe  
  19  1:18  Probe  
  20  1:27  Cybernetics Core  
  20  1:34  Zealot (Chrono Boost)  
  20  1:35  Assimilator  
  20  1:37  Pylon  
  22  1:41  Probe  
  23  1:56  Probe  
  23  1:59  Zealot (Chrono Boost)  
  25  2:08  Probe  
  25  2:12  Nexus  
  26  2:19  Stalker (Chrono Boost)  
  27  2:26  Probe  
  25  2:40  Stalker, Probe  
  26  2:52  Probe  
  26  2:54  Assimilator, Warp Gate  
  26  3:04  Probe  
  27  3:17  Probe (Chrono Boost)  
  30  3:25  Probe (Chrono Boost)  
  29  3:29  Twilight Council  
  31  3:34  Probe (Chrono Boost)  
  31  3:35  Probe (Chrono Boost)  
  31  3:39  Gateway  
  31  3:40  Probe x2 (Chrono Boost)  
  33  3:52  Probe x2  
  33  3:58  Robotics Facility  
  33  4:04  Probe x2  
  34  4:16  Probe x2  
  34  4:20  Dark Shrine  
  32  4:28  Probe (Chrono Boost)  
  33  4:32  Probe (Chrono Boost)  
  33  4:37  Blink (Chrono Boost)  
  34  4:40  Probe (Chrono Boost)  
  34  4:44  Probe x2 (Chrono Boost)  
  35  4:48  Observer  
  35  4:51  Nexus  
  37  4:53  Probe  
  37  4:54  Stalker  
  37  4:58  Probe  
  41  5:00  Stalker  
  41  5:05  Probe  
  44  5:10  Probe  
  44  5:12  Pylon  
  44  5:13  Pylon  
  45  5:14  Observer  
  46  5:21  Assimilator  
  46  5:30  Pylon, Probe x2  
  46  5:33  Stalker x2  
  52  5:47  Probe  
  52  5:49  Probe (Chrono Boost)  
  48  6:01  Probe (Chrono Boost)  
  50  6:05  Probe (Chrono Boost)  
  50  6:09  Probe x2 (Chrono Boost)  
  50  6:12  Probe (Chrono Boost), Robotics Bay  
  53  6:21  Assimilator  
  53  6:22  Probe x2 (Chrono Boost)  
  53  6:23  Probe (Chrono Boost)  
  54  6:27  Pylon  
  54  6:28  Probe (Chrono Boost)  
  54  6:29  Probe x2 (Chrono Boost)  
  54  6:30  Sentry  
  54  6:31  Gateway  
  54  6:32  Gateway  
  59  6:37  Probe  
  59  6:39  Sentry  
  62  6:40  Probe  
  62  6:43  Gateway  
  62  6:45  Probe  
  64  6:49  Probe, Shield Battery  
  64  6:52  Probe  
  66  6:57  Colossus (Chrono Boost), Probe  
  73  7:02  Probe  
  73  7:04  Probe  
  73  7:06  Pylon  
  75  7:09  Probe, Charge  
  75  7:14  Probe  
  77  7:18  Probe, Extended Thermal Lance  
  77  7:21  Probe  
  77  7:22  Gateway  
  79  7:26  Probe  
  80  7:30  Probe  
  80  7:35  Colossus (Chrono Boost)  
  81  7:39  Pylon, Probe  
  81  7:41  Pylon  
  81  7:44  Probe  
  89  7:46  Probe  
  90  7:55  Forge  
  90  7:57  Zealot x4  
  90  7:58  Zealot, Pylon  
  100  8:04  Pylon x2  
  100  8:05  Probe  
  99  8:07  Probe  
  100  8:15  Protoss Ground Weapons Level 1 (Chrono Boost)  
  100  8:16  Zealot  
  100  8:18  Stalker x4  
  110  8:23  Colossus (Chrono Boost)  
  116  8:32  Assimilator  
  116  8:35  Assimilator  
  116  8:43  Zealot x5  
  116  8:45  Photon Cannon  
  124  8:58  Stalker  
  126  9:09  Stalker x4  
  132  9:23  Zealot x2  
  127  9:33  Stalker x4  
  127  9:38  Probe x2  
  128  9:41  Probe  
  127  9:55  Stalker x2  
  127  9:57  Stalker  
  133  10:03  Pylon  
  133  10:07  Pylon  
  133  10:11  Pylon  
  133  10:12  Protoss Ground Weapons Level 2 (Chrono Boost)  
  133  10:15  Pylon  
  133  10:17  Photon Cannon  
  133  10:18  Pylon  
  133  10:19  Assimilator  
  131  10:22  Zealot x3  
  131  10:23  Zealot  
  131  10:24  Colossus  
  131  10:25  Photon Cannon  
  131  10:27  Pylon  
  139  10:33  Templar Archives  
  139  10:43  Nexus  
  137  10:53  Stalker x4  
  145  10:57  Stalker  
  145  11:15  Zealot  
  145  11:16  Zealot x3  
  145  11:17  Zealot  
  133  11:27  Warp Prism (Chrono Boost)  
  131  11:38  Zealot x6  
  124  11:56  Probe x4  
  126  12:06  Stalker x4  
  126  12:07  Stalker x2  
  126  12:08  Probe x2  
  139  12:11  Protoss Ground Weapons Level 3 (Chrono Boost)  
  140  12:18  Probe  
  140  12:22  Assimilator  
  139  12:23  Assimilator, Pylon  
  139  12:24  Pylon  
  139  12:36  Forge  
  139  12:42  Photon Cannon  
  135  12:46  Zealot x6  
  135  12:50  Psionic Storm  
  135  13:07  Dark Shrine  
  135  13:10  Gateway  
  133  13:13  Stalker x5, Gateway  
  133  13:15  Stalker  
  133  13:16  Protoss Ground Armor Level 1 (Chrono Boost)  
  133  13:17  Pylon  
  145  13:26  Warp Prism (Chrono Boost)  
  145  13:40  Stalker x5  
  155  13:43  Probe  
  155  13:45  Shield Battery  
  154  14:05  High Templar x7  
  154  14:08  Observer  
  154  14:09  Archon  
  160  14:18  Shadow Stride (Chrono Boost)  
  160  14:26  Probe x2  
  162  14:37  Nexus  
  162  14:38  Pylon  
  160  14:47  Dark Templar x7  
  160  14:48  Zealot  
  170  15:07  Photon Cannon  
  170  15:13  Stalker  
  165  15:14  Probe x2  
  165  15:15  Probe  
  165  15:20  Zealot x3  
  165  15:21  Zealot x2  
  168  15:25  Probe  
  168  15:26  Probe x2  
  168  15:27  Probe  
  172  15:33  Stalker x2  
  174  15:37  Probe  
  174  15:38  Probe  
  170  15:46  High Templar  
  170  15:47  High Templar x2  
  170  15:48  High Templar  
  178  15:52  Archon  
  178  15:53  Archon  
  178  15:54  Dark Templar x2  
  171  15:58  Probe  
  171  16:01  Stalker x2  
  171  16:02  Probe  
  171  16:10  Probe  
  161  16:18  Probe x2  
  161  16:19  Stalker x2  
  161  16:20  Stalker x2  
  157  16:35  Dark Templar x3  
  161  16:40  Probe  
  161  16:41  Probe x4  
  161  16:42  Dark Templar  
  161  16:46  Dark Templar  
  170  16:52  Dark Templar  
  170  16:53  Probe x4  
  170  16:54  Probe  
  177  16:59  Observer  
  176  17:05  Probe x2  
  178  17:15  Nexus  
  178  17:18  Pylon  
  178  17:19  Dark Templar  
  178  17:20  Dark Templar  
  182  17:29  Stalker  
  184  17:30  Stalker  
  184  17:32  Assimilator  
  184  17:33  Assimilator  
  186  17:37  Stalker x3  
  192  17:45  Dark Templar  
  190  17:58  Dark Templar  
  188  18:04  Dark Templar  
  170  18:24  Pylon  
  169  18:27  Nexus  
  169  18:31  Stalker x7  
  176  18:48  Twilight Council  
  174  18:50  Pylon x3  
  174  18:51  Assimilator x2  
  169  19:10  Observer  
  167  19:30  Pylon, Nexus  
  167  19:31  Pylon x2  
  162  19:50  Dark Shrine  
  160  20:01  Pylon  
  160  20:06  Pylon  
  160  20:24  Nexus  
  160  20:27  Pylon  
  150  20:55  Stalker x4  
Show
View Real Time Build Order
Export as new Build Order

Seither Terran 

Build Orders:  

Get SALT Encoding   

  12  0:00  SCV  
  13  0:12  SCV  
  14  0:18  Supply Depot  
  14  0:24  SCV  
  15  0:41  Barracks  
  15  0:52  Barracks  
  15  0:55  SCV  
  16  1:07  SCV  
  16  1:09  Refinery  
  17  1:19  SCV  
  18  1:29  Marine  
  18  1:32  Orbital Command  
  19  1:39  Marine  
  19  1:42  Supply Depot  
  20  1:47  Marine  
  21  1:58  Marine  
  21  1:59  SCV  
  23  2:05  Marine  
  24  2:11  Factory  
  24  2:16  Bunker  
  24  2:25  Marine  
  24  2:30  SCV  
  24  2:36  Marine  
  24  2:42  SCV  
  24  2:43  Marine  
  24  2:54  SCV, Marine  
  24  2:56  Supply Depot  
  23  3:06  SCV  
  23  3:09  Widow Mine  
  26  3:15  Command Center  
  26  3:19  SCV  
  27  3:33  Starport  
  27  3:35  SCV  
  27  3:38  Widow Mine  
  30  3:47  SCV  
  31  3:59  Widow Mine  
  31  4:00  SCV  
  34  4:05  Supply Depot  
  34  4:11  Medivac  
  34  4:12  SCV  
  37  4:23  Widow Mine  
  39  4:27  SCV  
  38  4:32  Orbital Command  
  37  4:42  Barracks  
  37  4:43  Barracks  
  37  4:44  Engineering Bay, Starport Tech Lab  
  37  4:50  Barracks Reactor, Barracks Tech Lab, Factory Tech Lab  
  37  4:53  SCV, Orbital Command  
  38  5:05  Refinery  
  38  5:08  Marine  
  39  5:15  Missile Turret  
  39  5:20  SCV, Missile Turret  
  40  5:23  Supply Depot  
  40  5:24  SCV  
  40  5:26  Stimpack, Marine  
  40  5:27  Marine  
  43  5:32  SCV  
  44  5:36  SCV  
  45  5:49  Marine  
  47  5:50  Marine, Marauder x2  
  47  5:52  SCV x2  
  51  6:02  Siege Tank  
  51  6:04  Bunker  
  52  6:08  SCV x2  
  52  6:10  Refinery  
  48  6:12  Supply Depot  
  48  6:16  Marauder  
  48  6:17  Marauder  
  52  6:18  Marine  
  52  6:21  Marine  
  52  6:23  SCV  
  52  6:24  SCV  
  56  6:28  Starport Reactor  
  56  6:39  SCV x2  
  58  6:41  Marine x2, Marauder  
  58  6:42  Marauder  
  58  6:45  Supply Depot  
  64  6:50  Factory Reactor, Refinery  
  64  6:51  Terran Infantry Weapons Level 1  
  64  6:52  SCV x2  
  66  7:00  Marine x2  
  68  7:03  Marauder x2  
  68  7:06  SCV x2  
  68  7:07  Supply Depot  
  74  7:10  Combat Shield  
  74  7:20  Marine x2  
  74  7:22  SCV x2  
  78  7:24  Marauder x2  
  78  7:26  Supply Depot  
  78  7:27  Medivac  
  84  7:32  Medivac  
  84  7:33  Supply Depot  
  86  7:37  Widow Mine x2, Marine x2  
  86  7:41  SCV x2  
  94  7:49  Supply Depot  
  94  7:52  Marauder x2  
  94  7:56  Supply Depot  
  98  8:00  Widow Mine  
  98  8:01  Widow Mine  
  101  8:07  Medivac x2  
  101  8:09  Concussive Shells  
  101  8:10  Marine x2  
  101  8:12  Supply Depot  
  107  8:22  SCV x2  
  107  8:23  Command Center  
  113  8:27  Marauder x2  
  113  8:42  Marine x2  
  113  8:46  Widow Mine x2, Medivac x2  
  127  8:48  Marauder x2  
  127  9:02  Barracks  
  127  9:04  Barracks  
  127  9:08  Marine  
  127  9:09  Marine  
  124  9:20  Marauder x2  
  124  9:21  SCV x2  
  124  9:26  Marine x2  
  124  9:28  Widow Mine x2  
  114  9:41  Orbital Command  
  114  9:42  Marauder x2  
  114  9:43  SCV x2  
  114  9:44  Marine x2  
  110  9:50  Medivac x2  
  114  10:03  Barracks Reactor, Barracks Tech Lab, Marauder x2  
  118  10:10  Orbital Command  
  118  10:16  Terran Infantry Armor Level 1  
  118  10:17  Armory  
  118  10:18  Engineering Bay  
  118  10:24  Marauder  
  118  10:25  Marauder  
  122  10:29  SCV  
  122  10:30  SCV  
  122  10:32  Supply Depot  
  124  10:35  Marine  
  124  10:36  Marine, Marauder  
  124  10:39  SCV  
  124  10:41  SCV  
  124  10:42  SCV  
  131  10:50  Marine x2  
  131  10:51  Marauder x2  
  131  10:52  SCV  
  131  10:53  Refinery  
  131  10:54  SCV x2, Refinery  
  140  11:04  Terran Infantry Weapons Level 2  
  140  11:05  Terran Ship Weapons Level 1  
  140  11:06  SCV  
  140  11:07  SCV x2  
  140  11:09  Marine x4  
  133  11:22  Liberator x2  
  128  11:26  Command Center  
  110  11:41  Marine x3, Marauder x3  
  110  11:43  Widow Mine x2  
  110  11:46  Marine  
  122  11:50  Fusion Core  
  118  11:59  Marine x2  
  120  12:01  Marine  
  120  12:02  Marauder x2  
  120  12:03  Marauder, Marine  
  120  12:04  Liberator  
  120  12:05  Liberator  
  134  12:15  Terran Infantry Armor Level 2  
  123  12:16  Marine  
  123  12:17  Marine  
  123  12:18  Starport  
  125  12:24  Marauder x3  
  125  12:28  Marine  
  125  12:29  Marine  
  131  12:34  Supply Depot  
  131  12:35  Supply Depot  
  131  12:45  Marauder x3  
  137  12:54  Marine, Liberator x2  
  137  12:55  Marine x3  
  137  12:57  Missile Turret  
  142  13:06  Marauder  
  142  13:07  Marauder x2  
  142  13:12  Marine x2, Liberator x2  
  148  13:13  Sensor Tower  
  154  13:27  Marine x2  
  154  13:28  Marauder x3, Terran Infantry Weapons Level 3  
  154  13:33  Missile Turret  
  162  13:35  Missile Turret  
  162  13:49  Marauder  
  162  13:52  Advanced Ballistics  
  164  14:00  Bunker  
  164  14:08  Liberator x2  
  170  14:10  Sensor Tower  
  170  14:12  Missile Turret  
  170  14:15  Medivac x2  
  172  14:25  SCV  
  172  14:26  SCV x2  
  172  14:27  Marine, Marauder  
  172  14:28  Marauder x2  
  182  14:36  Refinery  
  178  14:40  Refinery  
  178  14:43  Marine x2  
  178  14:44  Marine  
  180  14:49  Marauder x3  
  180  14:52  Planetary Fortress  
  183  15:03  Missile Turret, Liberator  
  183  15:06  Supply Depot x2, Liberator  
  180  15:14  Liberator  
  180  15:15  Refinery, Supply Depot  
  172  15:31  Medivac  
  170  15:45  Marine x2, Marauder  
  170  15:46  Marauder, Medivac, Marine  
  170  15:48  Liberator  
  176  15:54  Missile Turret  
  176  15:57  Liberator  
  176  15:58  Command Center  
  171  16:15  SCV x2  
  171  16:17  Sensor Tower  
  164  16:31  Marine  
  164  16:32  Marauder  
  156  16:38  Missile Turret, Liberator x2  
  156  16:39  Marauder, Marine x2  
  166  16:47  SCV  
  166  16:48  SCV  
  166  16:49  Missile Turret  
  166  16:50  Barracks  
  166  16:51  Barracks  
  166  16:53  Marauder, Barracks  
  170  16:55  Missile Turret x2  
  170  16:56  Marine x3  
  170  16:57  Marine  
  170  17:01  Marauder  
  176  17:09  SCV x4  
  176  17:12  Orbital Command  
  180  17:16  Viking x2  
  180  17:21  Viking  
  186  17:26  Viking  
  188  17:39  Barracks Reactor  
  188  17:40  Barracks Tech Lab x2  
  188  17:46  Viking  
  188  17:49  Liberator  
  187  17:52  Orbital Command  
  164  17:59  Viking  
  113  20:18  Command Center  
Tags
 
Add a new tag
Caveats
  • Supply blocks, unpowered buildings, or Contaminate may cause inaccurate times.
  • Supply counts are checked every 10 seconds.